 Dungeon Crawl Stone Soup version 0.29-a0-459-g97dee8cd24 (webtiles) character file.

Game seed: 9454595823489798861

20 happo123 the Ducker (level 3, 25/25 HPs)
             Began as a Djinni Earth Elementalist on May 20, 2022.
             Quit the game on level 1 of the Dungeon.
             The game lasted 00:04:05 (1012 turns).

happo123 the Ducker (Djinni Earth Elementalist)     Turns: 1012, Time: 00:04:06

Health: 25/25      AC:  3    Str:  7    XL:     3   Next: 0%
Gold:   34         EV: 12    Int: 18    God:
                   SH:  0    Dex: 13

rFire   + + .      SeeInvis .   (no weapon)
rCold   x . .      Faith    .   (no shield)
rNeg    . . .      Spirit   .   f - +0 leather armour
rPois   ∞          Reflect  .   (no helmet)
rElec   .          Harm     .   (no cloak)
rCorr   .          Rampage  .   (no gloves)
Will    .....                   (boots unavailable)
Stlth   ++........              (no amulet)
HPRegen 0.08/turn               (no ring)
MPRegen 0.00/turn               (no ring)

@: flying
A: sickness immunity, fire resistance 2, cold vulnerability 1, float, innate
caster, HP casting, extra vitality 1
a: no special abilities


You were on level 1 of the Dungeon.
You visited 1 branch of the dungeon, and saw 1 of its levels.

You collected 34 gold pieces.

Inventory:

Missiles
 a - 52 stones
Armour
 b - a +0 robe
 f - a +0 leather armour (worn)
Scrolls
 c - 3 scrolls of identify {unknown}
 e - a scroll of enchant armour {unknown}
Potions
 d - a potion of lignification {unknown}
 g - a potion of flight {unknown}
 h - a potion of curing {unknown}
 i - a potion of brilliance {unknown}


   Skills:
 + Level 2.7 Dodging
 + Level 2.1 Stealth
 + Level 2.6 Spellcasting


You couldn't memorise any spells.
You knew the following spells:

 Your Spells              Type           Power      Damage    Failure   Level
a - Sandblast             Erth           24%        2d8       9%          1
b - Passwall              Tmut/Erth      10%        N/A       13%         2
c - Stone Arrow           Conj/Erth      24%        3d8       26%         3
d - Petrify               Tmut/Erth      12%        N/A       63%         4
e - Sting                 Tmut/Pois      48%        1d5       9%          1
Your spell library was empty.

Dungeon Overview and Level Annotations

Branches:
Dungeon (1/15)

Altars:


Innate Abilities, Weirdness & Mutations

You are immune to sickness and miasma.
You are immune to poison.
Your flesh is very heat resistant. (rF++)
You are vulnerable to cold. (rC-)
You float through the air rather than walking.
You learn spells naturally, not from books.
Your magical power is your life essence.
You have superior vitality. (+4 MHP)


Message History

The blast of sand hits the kobold.
You kill the kobold!
Things that are here:
a +0 dagger; a kobold corpse
Found 18 stones.
a - 52 stones (gained 18)
A kobold comes into view. It is wielding a +0 short sword.
The kobold shouts!
A quokka comes into view.
The kobold throws a stone.
The stone hits you.
Aiming: Sandblast (safe; 10% risk of failure)
Press: ? - help, Q - select action, (/) - cycle Shift-Dir - straight line, f - kobold
Aim: a kobold, wielding a +0 short sword and quivering stones (74% to hit)
The blast of sand hits the kobold!
You kill the kobold!
Found a stone staircase leading down.
Aiming: Sandblast (safe; 10% risk of failure)
Press: ? - help, Q - select action, (/) - cycle Shift-Dir - straight line, f - quokka
Aim: a quokka (71% to hit)
The blast of sand hits the quokka.
You kill the quokka!
You have reached level 3!
Your experience leads to an increase in your attributes!
Increase (S)trength, (I)ntelligence, or (D)exterity?
You feel clever. x2
The power to cast Sting wells up from within.
Spell assigned to 'e'.
Unknown command.
Are you sure you want to abandon this character and quit the game? (Confirm with "yes".)
Okay, then.
i - a yellow potion
Found a ring mail.
You see here a +0 ring mail.
You see here a +0 ring mail.
a - 52 stones (gained 2)
Things that are here:
a +0 short sword; a kobold corpse Done exploring.
There is a stone staircase leading down here.
Are you sure you want to abandon this character and quit the game? (Confirm with "yes".)

#.............#######.#
#.....................#####
####..#######..#.#............
#^....#### #÷)#.#.#####.####.
#........# #.........##.# #.
#.##..##.# #.....###.##.# #.
###.##..##.# #......##.##.# #.
##...##..##.# #......##....# #.
.........##.# #@.....##.##.# #.
#..#.###.##.####.....###....####.
.#.#.###.##......................
###..##...#########.#####.#.#####
.#.####...# ### #.####....#####
#.## #...###.## #.##...#.......
#.# ####.###...## #.##........###
#.# #...........###.##..#.###.#
#.# #.##.#.......##.##..#.###.###


There were no monsters in sight!

Vanquished Creatures
  A dart slug (D:1)
  3 ball pythons (D:1)
  A bat (D:1)
  2 endoplasms (D:1)
  A hobgoblin (D:1)
  2 quokkas (D:1)
  3 frilled lizards (D:1)
  3 kobolds (D:1)
  2 rats (D:1)
18 creatures vanquished.

Notes
Turn   | Place    | Note
-------+----------+-------------------------------------------
     0 | D:1      | happo123 the Djinni Earth Elementalist began the quest for
                  | the Orb.
     0 | D:1      | Reached XP level 1. HP: 15/15 MP: 0/0
   125 | D:1      | Reached XP level 2. HP: 12/21 MP: 0/0
   419 | D:1      | Found a faded altar of an unknown god.
   747 | D:1      | Reached XP level 3. HP: 20/25 MP: 0/0
   747 | D:1      | Learned a level 1 spell: Sting
  1012 | D:1      | Quit the game

Illustrated notes

Levels and vault maps discovered:
D:1:      elethiomel_arrival_fortress_basement, layout_loops_ring,
          dreamdust_ecumenical_altar_angels_and_demons

Skill      XL: |  1  2 |
---------------+-------+-----
Stealth        | 2 |  2.1
Dodging        | |  2.7
Spellcasting   | |  2.6

Action                   || total
-------------------------++-------
 Cast: Sandblast         ||    23
Armor: Robe              ||     1

Table legend: (Time is in decaauts)
 A = Elapsed time spent in this place.
 B = Non-inter-level travel time spent in this place.
 C = Inter-level travel time spent in this place.
 D = Time resting spent in this place.
 E = Time spent auto-exploring this place.
 F = Levels seen in this place.
 G = Mean time per level.
                   A        B        C        D        E       F      G
               +--------+--------+--------+--------+--------+-----+--------+
         Total |   1012 |    720 |    292 |    180 |    410 |   1 | 1012.0 |
       Dungeon |   1012 |    720 |    292 |    180 |    410 |   1 | 1012.0 |
               +--------+--------+--------+--------+--------+-----+--------+

Top non-repeatable levels by time:
     D:1: 1012 daAuts
